Quebec Nordiques vs Detroit Red Wings
Created - Friday, February 14, 2025 at 08:49
Goals
|
| Quebec Nordiques |
0 |
1 |
0 |
1 |
| Detroit Red Wings |
0 |
1 |
2 |
3 |
|
Shots
|
| Quebec Nordiques |
4 |
14 |
5 |
23 |
| Detroit Red Wings |
11 |
13 |
15 |
39 |
|
1st period
No Goal
Penalties :
Raphael Lavoie (DET) for Fighting (Major) at 0:42, Michael McCarron (QUE) for Fighting (Major) at 0:42, Keegan Kolesar (DET) for Holding Stick (Minor) at 2:48
2nd period
1. Quebec Nordiques , Zach Benson 3 (Luke Kunin 2, Michael Anderson 3) at 12:29
2. Detroit Red Wings , Jared McCann 3 (Steven Stamkos 4, Daniel Sprong 6) at 18:17
Penalties :
Kirby Dach (QUE) for Roughing (Minor) at 0:09, Luke Kunin (QUE) for Interference (Minor) at 10:17, MacKenzie Weegar (DET) for High sticking (Minor) at 13:56
3rd period
3. Detroit Red Wings , Tyler Johnson 2 (Shayne Gostisbehere 7) at 1:06
4. Detroit Red Wings , Carter Verhaeghe 3 (Mika Zibanejad 6, Matthew Boldy 7) at 19:28 (Empty Net)
Penalties :
Jonas Siegenthaler (QUE) for Hooking (Minor) at 15:45
Goalie Stats
Joseph Woll (QUE), 36 saves from 38 shots - (0.947), L, 2-2-0, 59:08 minutes
Laurent Brossoit (DET), 22 saves from 23 shots - (0.957), W, 2-0-1, 60:00 minutes
Players Stats for Quebec Nordiques
Player Name G A P +/- PIM S H SB GA TA FO MP PP MP PK MP
------------------------------------------------------------------------------------
Alec Martinez 0 0 0 -1 0 0 0 1 0 1 0/0 20:44 1:51 2:29
Alexandre Carrier 0 0 0 -1 0 0 2 1 0 1 0/0 14:28 0:10 0:16
Anthony Duclair 0 0 0 -2 0 2 2 1 0 0 0/0 17:25 1:57 0:00
Cole Perfetti 0 0 0 -1 0 1 3 0 0 0 0/2 16:03 1:57 0:41
Connor Brown 0 0 0 0 0 0 3 0 0 0 1/1 11:26 0:00 1:29
J.J. Moser 0 0 0 0 0 0 1 2 0 1 0/0 24:44 1:41 3:22
Jonas Siegenthaler 0 0 0 0 2 0 0 3 0 0 0/0 22:33 2:07 1:38
Jonatan Berggren 0 0 0 0 0 2 1 0 0 0 0/2 9:20 0:00 0:00
Jordan Greenway 0 0 0 0 0 0 0 0 1 0 0/0 14:33 0:00 2:51
Kirby Dach 0 0 0 -1 2 0 1 1 0 0 0/3 17:15 2:01 0:00
Luke Kunin 0 1 1 0 2 3 1 1 0 0 0/0 13:53 0:00 1:26
Marc Staal 0 0 0 -2 0 1 0 2 0 1 0/0 15:12 0:00 0:47
Marco Rossi 0 0 0 0 0 2 1 0 0 0 6/17 14:50 2:01 0:00
Michael Anderson 0 1 1 0 0 3 1 2 0 0 0/0 22:41 2:07 3:22
Michael McCarron 0 0 0 -1 5 1 2 1 0 0 2/8 13:51 0:00 2:46
Rem Pitlick 0 0 0 0 0 0 2 0 0 0 0/4 9:20 0:00 0:00
Shane Pinto 0 0 0 -2 0 4 4 0 1 1 8/15 18:18 1:57 0:32
Zach Benson 1 0 1 1 0 4 1 1 1 1 0/0 17:23 2:01 2:09
Players Stats for Detroit Red Wings
Player Name G A P +/- PIM S H SB GA TA FO MP PP MP PK MP
------------------------------------------------------------------------------------
Brendan Gallagher 0 0 0 0 0 1 1 1 0 0 0/0 9:20 0:36 0:00
Carter Verhaeghe 1 0 1 1 0 6 4 0 0 0 1/1 17:59 2:29 0:00
Christian Fischer 0 0 0 0 0 1 1 0 0 0 0/0 13:50 0:33 1:41
Daniel Sprong 0 1 1 1 0 1 2 0 1 0 1/2 18:00 2:50 0:30
Jackson LaCombe 0 0 0 -1 0 3 0 1 0 0 0/0 18:20 0:19 1:54
Jared McCann 1 0 1 1 0 3 1 1 1 0 0/0 17:24 2:52 0:00
Jeff Petry 0 0 0 0 0 0 3 0 0 1 0/0 18:17 3:06 0:00
Keegan Kolesar 0 0 0 0 2 2 1 0 1 0 0/0 9:53 0:00 1:07
Kevin Stenlund 0 0 0 0 0 3 1 0 0 0 5/7 11:16 0:24 2:05
MacKenzie Weegar 0 0 0 2 2 1 2 1 1 1 0/0 25:33 2:51 0:56
Matthew Boldy 0 1 1 1 0 1 0 0 0 0 0/0 17:59 2:29 0:00
Mika Zibanejad 0 1 1 1 0 7 1 0 1 0 14/22 19:50 2:29 1:41
Raphael Lavoie 0 0 0 0 5 0 0 2 0 0 3/6 10:46 0:00 0:00
Shayne Gostisbehere 0 1 1 1 0 0 0 0 0 0 0/0 18:17 2:51 0:58
Steven Stamkos 0 1 1 1 0 5 1 1 0 0 11/14 17:56 2:52 0:52
Tyler Johnson 1 0 1 0 0 2 1 1 0 0 0/0 11:40 0:17 0:00
Zach Bogosian 0 0 0 0 0 2 0 2 0 0 0/0 15:11 0:00 2:04
Zachary Werenski 0 0 0 2 0 1 1 1 1 1 0/0 24:28 2:47 2:04
3 Stars
1 - Carter Verhaeghe (DET)
2 - Jared McCann (DET)
3 - Joseph Woll (QUE)
Power Play
Quebec Nordiques - 0 on 2 Attempt(s) - 0.00%
Detroit Red Wings - 0 on 3 Attempt(s) - 0.00%
Penalty Kill
Quebec Nordiques - 3 on 3 Attempt(s) - 100.00%
- Score 0 goal in Penalty Kill
Detroit Red Wings - 2 on 2 Attempt(s) - 100.00%
- Score 0 goal in Penalty Kill
Team Stat
Quebec Nordiques - Hits : 25 - Faceoff Wins : 17 - Blocked Shots : 16 - Penalty Minutes : 11
Detroit Red Wings - Hits : 20 - Faceoff Wins : 35 - Blocked Shots : 11 - Penalty Minutes : 9
Official
Referees : Kendrick Nicholson and Francis Charron
Linesman : Caleb Apperson and Jonny Murray
Game Notes
Raphael Lavoie and Michael McCarron fight to a draw at 0:42 of 1st period
Carter Verhaeghe has scored in a empty net!
Finance
Level 1 -- Attendance: 4814 (80.23%) -- Ticket Income $481,400
Level 2 -- Attendance: 3612 (72.24%) -- Ticket Income $216,720
Level 3 -- Attendance: 2311 (77.03%) -- Ticket Income $80,885
Level 4 -- Attendance: 3917 (78.34%) -- Ticket Income $97,925
Luxury Box -- Attendance: 843 (84.30%) -- Ticket Income $168,600
Game was played at the Joe Louis Arena.
Total Attendance: 15497 (77.49%)
Total Ticket Income: $1,045,530
Other Income: $365,936
Total Income: $1,411,466
Quebec Nordiques
5 vs 5 Forward
Center Left Wing Right Wing Time % Phy DF OF
1 Shane Pinto Anthony Duclair Kirby Dach 35 1 2 2
2 Marco Rossi Cole Perfetti Zach Benson 30 1 2 2
3 Michael McCarron Luke Kunin Jordan Greenway 20 1 2 2
4 Rem Pitlick Connor Brown Jonatan Berggren 15 1 2 2
5 vs 5 Defense
Defense Defense Time % Phy DF OF
1 J.J. Moser Michael Anderson 35 1 3 1
2 Alec Martinez Jonas Siegenthaler 30 1 3 1
3 Marc Staal Alexandre Carrier 25 1 4 0
4 J.J. Moser Jonas Siegenthaler 10 1 3 1
PowerPlay Forward
Center Left Wing Right Wing Time % Phy DF OF
1 Shane Pinto Anthony Duclair Cole Perfetti 60 1 2 2
2 Marco Rossi Zach Benson Kirby Dach 40 1 2 2
PowerPlay Defense
Defense Defense Time % Phy DF OF
1 J.J. Moser Alec Martinez 60 1 2 2
2 Michael Anderson Jonas Siegenthaler 40 1 2 2
Penalty Kill 4 Players Forward
Center Wing Time % Phy DF OF
1 Michael McCarron Jordan Greenway 60 1 4 0
2 Luke Kunin Connor Brown 40 1 4 0
Penalty Kill 4 Players Defense
Defense Defense Time % Phy DF OF
1 J.J. Moser Michael Anderson 60 2 3 0
2 Jonas Siegenthaler Alec Martinez 40 2 3 0
Penalty Kill - 3 Players Forward
Forward Time % Phy DF OF
1 Michael McCarron 60 1 4 0
2 Luke Kunin 40 1 4 0
Penalty Kill - 3 Players Defense
Defense Defense Time % Phy DF OF
1 J.J. Moser Michael Anderson 60 1 4 0
2 Jonas Siegenthaler Alec Martinez 40 1 4 0
4 vs 4 Forward
Center Wing Time % Phy DF OF
1 Shane Pinto Anthony Duclair 60 1 2 2
2 Marco Rossi Cole Perfetti 40 1 2 2
4 vs 4 Defense
Defense Defense Time % Phy DF OF
1 J.J. Moser Michael Anderson 60 1 2 2
2 Alec Martinez Jonas Siegenthaler 40 1 2 2
Last Minutes Offensive
Center Left Wing Right Wing Defense Defense
Shane Pinto Anthony Duclair Cole Perfetti J.J. Moser Michael Anderson
Last Minutes Defensive
Center Left Wing Right Wing Defense Defense
Michael McCarron Luke Kunin Connor Brown J.J. Moser Michael Anderson
Goaltenders
Starting : Joseph Woll
Backup : Lukas Dostal
Extra Forwards
Normal : Michael McCarron, Luke Kunin, Connor Brown - PP : Luke Kunin, Michael McCarron - PK : Zach Benson
Extra Defensemen
Normal : J.J. Moser, Michael Anderson, Alexandre Carrier - PP : Alexandre Carrier - PK : Marc Staal, Alexandre Carrier
Penalty Shots
Kirby Dach, Anthony Duclair, Shane Pinto, Cole Perfetti, Marco Rossi
Scratches
Jakub Voracek (Healthy), Alexander Alexeyev (Healthy), Dysin Mayo (Healthy), Justin Holl (Healthy)
Detroit Red Wings
5 vs 5 Forward
Center Left Wing Right Wing Time % Phy DF OF
1 Mika Zibanejad Carter Verhaeghe Matthew Boldy 35 1 2 2
2 Steven Stamkos Jared McCann Daniel Sprong 35 1 1 3
3 Raphael Lavoie Tyler Johnson Christian Fischer 20 1 2 2
4 Kevin Stenlund Brendan Gallagher Keegan Kolesar 10 2 2 1
5 vs 5 Defense
Defense Defense Time % Phy DF OF
1 Zachary Werenski MacKenzie Weegar 40 1 2 2
2 Shayne Gostisbehere Jeff Petry 30 1 2 2
3 Jackson LaCombe Zach Bogosian 20 3 1 1
4 Jackson LaCombe MacKenzie Weegar 10 1 2 2
PowerPlay Forward
Center Left Wing Right Wing Time % Phy DF OF
1 Steven Stamkos Jared McCann Daniel Sprong 50 0 1 4
2 Mika Zibanejad Carter Verhaeghe Matthew Boldy 50 0 1 4
PowerPlay Defense
Defense Defense Time % Phy DF OF
1 Shayne Gostisbehere MacKenzie Weegar 50 1 2 2
2 Zachary Werenski Jeff Petry 50 1 2 2
Penalty Kill 4 Players Forward
Center Wing Time % Phy DF OF
1 Mika Zibanejad Christian Fischer 50 2 2 1
2 Kevin Stenlund Keegan Kolesar 50 2 2 1
Penalty Kill 4 Players Defense
Defense Defense Time % Phy DF OF
1 Jackson LaCombe MacKenzie Weegar 50 2 2 1
2 Zach Bogosian Zachary Werenski 50 2 2 1
Penalty Kill - 3 Players Forward
Forward Time % Phy DF OF
1 Mika Zibanejad 50 1 2 2
2 Steven Stamkos 50 1 2 2
Penalty Kill - 3 Players Defense
Defense Defense Time % Phy DF OF
1 Jackson LaCombe MacKenzie Weegar 50 1 2 2
2 Zachary Werenski Jeff Petry 50 2 2 1
4 vs 4 Forward
Center Wing Time % Phy DF OF
1 Mika Zibanejad Carter Verhaeghe 60 1 2 2
2 Steven Stamkos Matthew Boldy 40 1 1 3
4 vs 4 Defense
Defense Defense Time % Phy DF OF
1 Zachary Werenski MacKenzie Weegar 60 1 2 2
2 Jackson LaCombe Jeff Petry 40 1 2 2
Last Minutes Offensive
Center Left Wing Right Wing Defense Defense
Mika Zibanejad Carter Verhaeghe Matthew Boldy Zachary Werenski MacKenzie Weegar
Last Minutes Defensive
Center Left Wing Right Wing Defense Defense
Mika Zibanejad Carter Verhaeghe Matthew Boldy Zachary Werenski MacKenzie Weegar
Goaltenders
Starting : Laurent Brossoit
Backup : Calvin Pickard
Extra Forwards
Normal : Raphael Lavoie, Christian Fischer, Daniel Sprong - PP : Kevin Stenlund, Daniel Sprong - PK : Steven Stamkos
Extra Defensemen
Normal : Shayne Gostisbehere, Jackson LaCombe, Zach Bogosian - PP : Shayne Gostisbehere - PK : Shayne Gostisbehere, Jackson LaCombe
Penalty Shots
Mika Zibanejad, Steven Stamkos, Matthew Boldy, Carter Verhaeghe, Jared McCann
Scratches
Alexander Barabanov (Healthy), Kevin Shattenkirk (Healthy), Yakov Trenin (Healthy), Vitek Vanecek (Healthy)
% Time on Ice - Quebec Nordiques
Lines # - Real PCT - Wanted PCT - Time Play
Normal Forward
1 - 32% - 35% - 15:45
2 - 26% - 30% - 12:49
3 - 23% - 20% - 11:29
4 - 19% - 15% - 9:20
Normal Defense
1 - 36% - 35% - 17:48
2 - 32% - 30% - 15:59
3 - 27% - 25% - 13:09
4 - 5% - 10% - 2:27
PP Forward
1 - 49% - 60% - 1:57
2 - 51% - 40% - 2:01
PP Defense
1 - 47% - 60% - 1:51
2 - 53% - 40% - 2:07
PK Forward
1 - 75% - 60% - 4:28
2 - 25% - 40% - 1:29
PK Defense
1 - 58% - 60% - 3:28
2 - 42% - 40% - 2:29
PK3 Forward
1 - 0% - 60%
2 - 0% - 40%
PK3 Defense
1 - 0% - 60%
2 - 0% - 40%
44 Forward
1 - 0% - 60%
2 - 0% - 40%
44 Defense
1 - 0% - 60%
2 - 0% - 40%
Last Minute Offensive - 0:42
Last Minute Defensive - 0:00
Total
Forward - 60:00
Defense - 60:00
|
% Time on Ice - Detroit Red Wings
Lines # - Real PCT - Wanted PCT - Time Play
Normal Forward
1 - 31% - 35% - 15:12
2 - 29% - 35% - 14:11
3 - 23% - 20% - 11:23
4 - 18% - 10% - 8:44
Normal Defense
1 - 38% - 40% - 18:37
2 - 31% - 30% - 15:06
3 - 26% - 20% - 13:04
4 - 5% - 10% - 2:43
PP Forward
1 - 53% - 50% - 3:09
2 - 47% - 50% - 2:48
PP Defense
1 - 48% - 50% - 2:51
2 - 52% - 50% - 3:06
PK Forward
1 - 42% - 50% - 1:41
2 - 58% - 50% - 2:17
PK Defense
1 - 48% - 50% - 1:54
2 - 52% - 50% - 2:04
PK3 Forward
1 - 0% - 50%
2 - 0% - 50%
PK3 Defense
1 - 0% - 50%
2 - 0% - 50%
44 Forward
1 - 0% - 60%
2 - 0% - 40%
44 Defense
1 - 0% - 60%
2 - 0% - 40%
Last Minute Offensive - 0:00
Last Minute Defensive - 0:35
Total
Forward - 60:00
Defense - 60:00
|
Play-by-Play
1st period
0:01 of 1st period - Mika Zibanejad wins face-off versus Kirby Dach in neutral zone.
0:08 of 1st period - Wrist shot by Matthew Boldy.
0:08 of 1st period - Shot Blocked by J.J. Moser.
0:16 of 1st period - Snap shot by Carter Verhaeghe.
0:16 of 1st period - Deflect By J.J. Moser.
0:16 of 1st period - Stopped by Joseph Woll without a rebound.
0:17 of 1st period - Steven Stamkos wins face-off versus Marco Rossi in Quebec Nordiques zone.
0:32 of 1st period - Slapshot by Zach Benson.
0:32 of 1st period - Stopped by Laurent Brossoit without a rebound.
0:33 of 1st period - Raphael Lavoie wins face-off versus Michael McCarron in Detroit Red Wings zone.
0:39 of 1st period - Off-side.
0:40 of 1st period - Raphael Lavoie wins face-off versus Michael McCarron in neutral zone.
0:42 of 1st period - Raphael Lavoie and Michael McCarron fight to a draw.
0:42 of 1st period - Penalty to Raphael Lavoie for Fighting.
0:42 of 1st period - Penalty to Michael McCarron for Fighting.
0:43 of 1st period - Kevin Stenlund wins face-off versus Rem Pitlick in Quebec Nordiques zone.
1:42 of 1st period - Icing by Marc Staal.
1:43 of 1st period - Daniel Sprong wins face-off versus Marco Rossi in Quebec Nordiques zone.
1:44 of 1st period - Snap shot by Tyler Johnson.
1:44 of 1st period - Stopped by Joseph Woll without a rebound.
1:45 of 1st period - Connor Brown wins face-off versus Daniel Sprong in Quebec Nordiques zone.
2:48 of 1st period - Minor Penalty to Keegan Kolesar for Holding Stick.
2:49 of 1st period - Mika Zibanejad wins face-off versus Shane Pinto in Detroit Red Wings zone.
3:00 of 1st period - Steven Stamkos is hit by Cole Perfetti and loses puck.
4:33 of 1st period - Alec Martinez is hit by Steven Stamkos and loses puck.
4:48 of 1st period - Penalty to Keegan Kolesar is over, Keegan Kolesar is back on ice.
4:58 of 1st period - Alec Martinez is hit by Carter Verhaeghe and loses puck.
5:09 of 1st period - Christian Fischer is hit by Connor Brown and loses puck.
5:26 of 1st period - Shane Pinto is hit by Mika Zibanejad and loses puck.
6:16 of 1st period - Slapshot by Jared McCann.
6:16 of 1st period - Stopped by Joseph Woll without a rebound.
6:17 of 1st period - Steven Stamkos wins face-off versus Shane Pinto in Quebec Nordiques zone.
6:42 of 1st period - Snap shot by Carter Verhaeghe.
6:42 of 1st period - Shot Misses the Net.
6:44 of 1st period - Slapshot by Carter Verhaeghe.
6:44 of 1st period - Stopped by Joseph Woll without a rebound.
6:45 of 1st period - Mika Zibanejad wins face-off versus Marco Rossi in Quebec Nordiques zone.
7:10 of 1st period - Daniel Sprong is hit by Shane Pinto.
7:14 of 1st period - Slapshot by Jared McCann.
7:14 of 1st period - Shot Blocked by Michael Anderson.
7:28 of 1st period - Snap shot by Tyler Johnson.
7:28 of 1st period - Shot Misses the Net.
7:47 of 1st period - Christian Fischer is hit by Luke Kunin and loses puck.
7:54 of 1st period - Snap shot by Michael McCarron.
7:54 of 1st period - Shot Misses the Net.
8:12 of 1st period - Wrist shot by Carter Verhaeghe.
8:12 of 1st period - Shot Misses the Net.
8:14 of 1st period - Wrist shot by Mika Zibanejad.
8:14 of 1st period - Shot Misses the Net.
8:54 of 1st period - Slapshot by Jonatan Berggren.
8:54 of 1st period - Stopped by Laurent Brossoit without a rebound.
8:55 of 1st period - Mika Zibanejad wins face-off versus Marco Rossi in Detroit Red Wings zone.
9:08 of 1st period - Slapshot by Mika Zibanejad.
9:08 of 1st period - Shot Blocked by Zach Benson.
9:10 of 1st period - Slapshot by Shayne Gostisbehere.
9:10 of 1st period - Deflect By Mika Zibanejad.
9:10 of 1st period - Shot Blocked by Michael Anderson.
9:10 of 1st period - Puck is out of play.
9:11 of 1st period - Shane Pinto wins face-off versus Steven Stamkos in Quebec Nordiques zone.
9:35 of 1st period - Icing by Shane Pinto.
9:36 of 1st period - Shane Pinto wins face-off versus Mika Zibanejad in Quebec Nordiques zone.
11:44 of 1st period - Jackson LaCombe is hit by Shane Pinto and loses puck.
11:51 of 1st period - Wrist shot by Zach Bogosian.
11:51 of 1st period - Stopped by Joseph Woll with a rebound.
12:03 of 1st period - Snap shot by Steven Stamkos.
12:03 of 1st period - Stopped by Joseph Woll without a rebound.
12:04 of 1st period - Mika Zibanejad wins face-off versus Marco Rossi in Quebec Nordiques zone.
12:05 of 1st period - Snap shot by Matthew Boldy.
12:05 of 1st period - Shot Misses the Net.
12:13 of 1st period - Wrist shot by Carter Verhaeghe.
12:13 of 1st period - Stopped by Joseph Woll with a rebound.
12:21 of 1st period - Snap shot by Mika Zibanejad.
12:21 of 1st period - Stopped by Joseph Woll with a rebound.
12:31 of 1st period - Jeff Petry is hit by Michael McCarron and loses puck.
12:49 of 1st period - Luke Kunin is hit by Christian Fischer.
13:09 of 1st period - Slapshot by Zachary Werenski.
13:09 of 1st period - Shot Blocked by Marc Staal.
13:11 of 1st period - Wrist shot by Christian Fischer.
13:11 of 1st period - Shot Misses the Net.
13:13 of 1st period - Wrist shot by Christian Fischer.
13:13 of 1st period - Shot Misses the Net.
13:15 of 1st period - Snap shot by Zachary Werenski.
13:15 of 1st period - Shot Misses the Net.
13:17 of 1st period - Slapshot by MacKenzie Weegar.
13:17 of 1st period - Shot Blocked by Alexandre Carrier.
13:19 of 1st period - Wrist shot by Christian Fischer.
13:19 of 1st period - Shot Blocked by Marc Staal.
13:21 of 1st period - Wrist shot by Tyler Johnson.
13:21 of 1st period - Shot Misses the Net.
13:23 of 1st period - Slapshot by Zachary Werenski.
13:23 of 1st period - Deflect By Christian Fischer.
13:23 of 1st period - Shot Blocked by Luke Kunin.
13:23 of 1st period - Puck is out of play.
13:24 of 1st period - Mika Zibanejad wins face-off versus Shane Pinto in Quebec Nordiques zone.
13:25 of 1st period - Wrist shot by Matthew Boldy.
13:25 of 1st period - Shot Misses the Net.
14:16 of 1st period - Jackson LaCombe is hit by Zach Benson and loses puck.
14:27 of 1st period - Snap shot by Cole Perfetti.
14:27 of 1st period - Shot Misses the Net.
14:29 of 1st period - Wrist shot by Marco Rossi.
14:29 of 1st period - Shot Blocked by Zach Bogosian.
14:31 of 1st period - Snap shot by Zach Benson.
14:31 of 1st period - Shot Blocked by Brendan Gallagher.
14:33 of 1st period - Wrist shot by Marco Rossi.
14:33 of 1st period - Stopped by Laurent Brossoit with a rebound.
14:35 of 1st period - Wrist shot by Cole Perfetti.
14:35 of 1st period - Shot Misses the Net.
14:37 of 1st period - Snap shot by Marco Rossi.
14:37 of 1st period - Deflect By Cole Perfetti.
14:37 of 1st period - Shot Blocked by Zach Bogosian.
14:37 of 1st period - Puck is out of play.
14:38 of 1st period - Mika Zibanejad wins face-off versus Shane Pinto in Detroit Red Wings zone.
14:50 of 1st period - Wrist shot by Matthew Boldy.
14:50 of 1st period - Deflect By Mika Zibanejad.
14:50 of 1st period - Stopped by Joseph Woll with a rebound.
14:52 of 1st period - Snap shot by Mika Zibanejad.
14:52 of 1st period - Stopped by Joseph Woll with a rebound.
14:54 of 1st period - Snap shot by Carter Verhaeghe.
14:54 of 1st period - Stopped by Joseph Woll with a rebound.
15:34 of 1st period - Slapshot by Jordan Greenway.
15:34 of 1st period - Shot Misses the Net.
15:36 of 1st period - Snap shot by Luke Kunin.
15:36 of 1st period - Shot Blocked by Tyler Johnson.
16:22 of 1st period - Mika Zibanejad is hit by Jonatan Berggren and loses puck.
16:41 of 1st period - Wrist shot by Jared McCann.
16:41 of 1st period - Shot Misses the Net.
16:43 of 1st period - Slapshot by Zach Bogosian.
16:43 of 1st period - Shot Misses the Net.
18:00 of 1st period - Matthew Boldy is hit by Rem Pitlick.
18:10 of 1st period - Wrist shot by Shane Pinto.
18:10 of 1st period - Shot Blocked by MacKenzie Weegar.
18:16 of 1st period - Steven Stamkos is hit by Kirby Dach.
18:26 of 1st period - Wrist shot by Shane Pinto.
18:26 of 1st period - Stopped by Laurent Brossoit with a rebound.
19:05 of 1st period - Anthony Duclair is hit by Jared McCann and loses puck.
19:12 of 1st period - Wrist shot by Jared McCann.
19:12 of 1st period - Shot Misses the Net.
19:37 of 1st period - Slapshot by Mika Zibanejad.
19:37 of 1st period - Shot Blocked by Jonas Siegenthaler.
Goals for this period are 0 for Quebec Nordiques vs 0 for Detroit Red Wings.
Shots for this period are 4 for Quebec Nordiques vs 11 for Detroit Red Wings.
2nd period
0:01 of 2nd period - Shane Pinto wins face-off versus Mika Zibanejad in neutral zone.
0:04 of 2nd period - Snap shot by Shane Pinto.
0:04 of 2nd period - Stopped by Laurent Brossoit with a rebound.
0:09 of 2nd period - Minor Penalty to Kirby Dach for Roughing.
0:10 of 2nd period - Steven Stamkos wins face-off versus Michael McCarron in Quebec Nordiques zone.
0:46 of 2nd period - Michael McCarron is hit by Carter Verhaeghe and loses puck.
1:13 of 2nd period - Snap shot by Luke Kunin.
1:13 of 2nd period - Stopped by Laurent Brossoit with a rebound.
1:15 of 2nd period - Snap shot by Connor Brown.
1:15 of 2nd period - Shot Blocked by Steven Stamkos.
2:09 of 2nd period - Penalty to Kirby Dach is over, Kirby Dach is back on ice.
2:14 of 2nd period - Alexandre Carrier is hit by Tyler Johnson and loses puck.
3:13 of 2nd period - J.J. Moser is hit by Brendan Gallagher and loses puck.
3:47 of 2nd period - Icing by Tyler Johnson.
3:48 of 2nd period - Mika Zibanejad wins face-off versus Rem Pitlick in Detroit Red Wings zone.
3:56 of 2nd period - Off-side.
3:57 of 2nd period - Mika Zibanejad wins face-off versus Marco Rossi in neutral zone.
4:09 of 2nd period - Snap shot by Mika Zibanejad.
4:09 of 2nd period - Stopped by Joseph Woll with a rebound.
4:23 of 2nd period - Jeff Petry is hit by J.J. Moser and loses puck.
5:08 of 2nd period - Alexandre Carrier is hit by Keegan Kolesar and loses puck.
5:51 of 2nd period - Snap shot by Mika Zibanejad.
5:51 of 2nd period - Stopped by Joseph Woll with a rebound.
6:41 of 2nd period - Michael McCarron is hit by MacKenzie Weegar and loses puck.
6:46 of 2nd period - Snap shot by Steven Stamkos.
6:46 of 2nd period - Stopped by Joseph Woll without a rebound.
6:47 of 2nd period - Michael McCarron wins face-off versus Mika Zibanejad in Quebec Nordiques zone.
6:52 of 2nd period - Backhand shot by Luke Kunin.
6:52 of 2nd period - Deflect By Michael McCarron.
6:52 of 2nd period - Stopped by Laurent Brossoit without a rebound.
6:53 of 2nd period - Mika Zibanejad wins face-off versus Marco Rossi in Detroit Red Wings zone.
7:21 of 2nd period - Zach Bogosian is hit by Anthony Duclair and loses puck.
7:43 of 2nd period - Wrist shot by Brendan Gallagher.
7:43 of 2nd period - Stopped by Joseph Woll without a rebound.
7:44 of 2nd period - Kevin Stenlund wins face-off versus Jonatan Berggren in Quebec Nordiques zone.
7:55 of 2nd period - Slapshot by MacKenzie Weegar.
7:55 of 2nd period - Stopped by Joseph Woll with a rebound.
7:57 of 2nd period - Snap shot by Brendan Gallagher.
7:57 of 2nd period - Deflect By Kevin Stenlund.
7:57 of 2nd period - Shot Blocked by Alec Martinez.
7:57 of 2nd period - Puck is out of play.
7:58 of 2nd period - Shane Pinto wins face-off versus Mika Zibanejad in Quebec Nordiques zone.
8:41 of 2nd period - Snap shot by Shane Pinto.
8:41 of 2nd period - Stopped by Laurent Brossoit without a rebound.
8:42 of 2nd period - Marco Rossi wins face-off versus Steven Stamkos in Detroit Red Wings zone.
8:45 of 2nd period - Wrist shot by Zach Benson.
8:45 of 2nd period - Stopped by Laurent Brossoit with a rebound.
8:50 of 2nd period - Icing by Daniel Sprong.
8:51 of 2nd period - Steven Stamkos wins face-off versus Marco Rossi in Detroit Red Wings zone.
9:00 of 2nd period - Snap shot by Daniel Sprong.
9:00 of 2nd period - Stopped by Joseph Woll without a rebound.
9:01 of 2nd period - Marco Rossi wins face-off versus Mika Zibanejad in Quebec Nordiques zone.
9:36 of 2nd period - Slapshot by MacKenzie Weegar.
9:36 of 2nd period - Shot Misses the Net.
9:38 of 2nd period - Snap shot by Mika Zibanejad.
9:38 of 2nd period - Shot Misses the Net.
9:54 of 2nd period - Slapshot by Mika Zibanejad.
9:54 of 2nd period - Stopped by Joseph Woll with a rebound.
10:17 of 2nd period - Minor Penalty to Luke Kunin for Interference.
10:18 of 2nd period - Steven Stamkos wins face-off versus Michael McCarron in Quebec Nordiques zone.
12:17 of 2nd period - Penalty to Luke Kunin is over, Luke Kunin is back on ice.
12:21 of 2nd period - Snap shot by Luke Kunin.
12:21 of 2nd period - Shot Blocked by Raphael Lavoie.
12:23 of 2nd period - Snap shot by Michael Anderson.
12:23 of 2nd period - Stopped by Laurent Brossoit with a rebound.
12:25 of 2nd period - Snap shot by Luke Kunin.
12:25 of 2nd period - Shot Blocked by Jackson LaCombe.
12:27 of 2nd period - Snap shot by Luke Kunin.
12:27 of 2nd period - Shot Misses the Net.
12:29 of 2nd period - Snap shot by Zach Benson.
12:29 of 2nd period - Goal by Zach Benson - Quebec Nordiques : 1 - Detroit Red Wings : 0.
12:30 of 2nd period - Shane Pinto wins face-off versus Mika Zibanejad in neutral zone.
12:39 of 2nd period - Snap shot by Anthony Duclair.
12:39 of 2nd period - Deflect By Matthew Boldy.
12:39 of 2nd period - Shot Misses the Net.
12:39 of 2nd period - Puck is out of play.
12:40 of 2nd period - Mika Zibanejad wins face-off versus Kirby Dach in Detroit Red Wings zone.
13:13 of 2nd period - Snap shot by Carter Verhaeghe.
13:13 of 2nd period - Shot Blocked by Anthony Duclair.
13:33 of 2nd period - Wrist shot by Anthony Duclair.
13:33 of 2nd period - Shot Misses the Net.
13:35 of 2nd period - Slapshot by Marc Staal.
13:35 of 2nd period - Stopped by Laurent Brossoit with a rebound.
13:37 of 2nd period - Snap shot by Anthony Duclair.
13:37 of 2nd period - Stopped by Laurent Brossoit with a rebound.
13:39 of 2nd period - Wrist shot by Shane Pinto.
13:39 of 2nd period - Stopped by Laurent Brossoit with a rebound.
13:41 of 2nd period - Wrist shot by Anthony Duclair.
13:41 of 2nd period - Shot Misses the Net.
13:51 of 2nd period - Snap shot by Shane Pinto.
13:51 of 2nd period - Shot Misses the Net.
13:53 of 2nd period - Slapshot by Marc Staal.
13:53 of 2nd period - Deflect By Shane Pinto.
13:53 of 2nd period - Shot Misses the Net.
13:53 of 2nd period - Puck is out of play.
13:54 of 2nd period - Steven Stamkos wins face-off versus Cole Perfetti in Detroit Red Wings zone.
13:56 of 2nd period - Minor Penalty to MacKenzie Weegar for High sticking.
13:57 of 2nd period - Kevin Stenlund wins face-off versus Marco Rossi in Detroit Red Wings zone.
14:32 of 2nd period - Icing by Anthony Duclair.
14:33 of 2nd period - Mika Zibanejad wins face-off versus Shane Pinto in Quebec Nordiques zone.
14:34 of 2nd period - Wrist shot by Zachary Werenski.
14:34 of 2nd period - Shot Blocked by Jonas Siegenthaler.
14:45 of 2nd period - Icing by Anthony Duclair.
14:46 of 2nd period - Shane Pinto wins face-off versus Kevin Stenlund in Quebec Nordiques zone.
14:46 of 2nd period - Shane Pinto is hit by Kevin Stenlund.
15:56 of 2nd period - Penalty to MacKenzie Weegar is over, MacKenzie Weegar is back on ice.
16:12 of 2nd period - Jordan Greenway is hit by Jeff Petry.
16:32 of 2nd period - Raphael Lavoie is hit by Alexandre Carrier and loses puck.
18:07 of 2nd period - Snap shot by Jackson LaCombe.
18:07 of 2nd period - Stopped by Joseph Woll with a rebound.
18:09 of 2nd period - Wrist shot by Zach Bogosian.
18:09 of 2nd period - Stopped by Joseph Woll without a rebound.
18:10 of 2nd period - Steven Stamkos wins face-off versus Shane Pinto in Quebec Nordiques zone.
18:15 of 2nd period - Wrist shot by Steven Stamkos.
18:15 of 2nd period - Stopped by Joseph Woll with a rebound.
18:17 of 2nd period - Snap shot by Jared McCann.
18:17 of 2nd period - Goal by Jared McCann - Quebec Nordiques : 1 - Detroit Red Wings : 1.
18:18 of 2nd period - Steven Stamkos wins face-off versus Marco Rossi in neutral zone.
18:35 of 2nd period - Steven Stamkos is hit by Cole Perfetti and loses puck.
18:52 of 2nd period - Shane Pinto is hit by Carter Verhaeghe.
19:10 of 2nd period - Wrist shot by Luke Kunin.
19:10 of 2nd period - Stopped by Laurent Brossoit with a rebound.
19:12 of 2nd period - Snap shot by Jordan Greenway.
19:12 of 2nd period - Shot Blocked by Zachary Werenski.
19:14 of 2nd period - Slapshot by Michael Anderson.
19:14 of 2nd period - Stopped by Laurent Brossoit with a rebound.
19:24 of 2nd period - Snap shot by Jonatan Berggren.
19:24 of 2nd period - Stopped by Laurent Brossoit without a rebound.
19:25 of 2nd period - Kevin Stenlund wins face-off versus Rem Pitlick in Detroit Red Wings zone.
19:34 of 2nd period - Snap shot by Brendan Gallagher.
19:34 of 2nd period - Shot Misses the Net.
19:36 of 2nd period - Wrist shot by Kevin Stenlund.
19:36 of 2nd period - Stopped by Joseph Woll with a rebound.
19:38 of 2nd period - Slapshot by Jeff Petry.
19:38 of 2nd period - Shot Blocked by Jonas Siegenthaler.
19:40 of 2nd period - Snap shot by Kevin Stenlund.
19:40 of 2nd period - Stopped by Joseph Woll with a rebound.
19:52 of 2nd period - Wrist shot by Connor Brown.
19:52 of 2nd period - Shot Misses the Net.
19:58 of 2nd period - Wrist shot by Zach Benson.
19:58 of 2nd period - Stopped by Laurent Brossoit with a rebound.
Goals for this period are 1 for Quebec Nordiques vs 1 for Detroit Red Wings.
Shots for this period are 14 for Quebec Nordiques vs 13 for Detroit Red Wings.
3rd period
0:01 of 3rd period - Steven Stamkos wins face-off versus Marco Rossi in neutral zone.
0:10 of 3rd period - Jared McCann is hit by Michael Anderson and loses puck.
0:52 of 3rd period - Off-side.
0:53 of 3rd period - Michael McCarron wins face-off versus Raphael Lavoie in neutral zone.
1:06 of 3rd period - Slapshot by Tyler Johnson.
1:06 of 3rd period - Goal by Tyler Johnson - Quebec Nordiques : 1 - Detroit Red Wings : 2.
1:07 of 3rd period - Marco Rossi wins face-off versus Steven Stamkos in neutral zone.
2:36 of 3rd period - Off-side.
2:37 of 3rd period - Marco Rossi wins face-off versus Kevin Stenlund in neutral zone.
2:40 of 3rd period - Kevin Stenlund is hit by Cole Perfetti and loses puck.
3:46 of 3rd period - Snap shot by Keegan Kolesar.
3:46 of 3rd period - Stopped by Joseph Woll with a rebound.
3:48 of 3rd period - Slapshot by Jackson LaCombe.
3:48 of 3rd period - Deflect By Marc Staal.
3:48 of 3rd period - Stopped by Joseph Woll with a rebound.
3:50 of 3rd period - Slapshot by Jackson LaCombe.
3:50 of 3rd period - Stopped by Joseph Woll with a rebound.
3:52 of 3rd period - Snap shot by Keegan Kolesar.
3:52 of 3rd period - Shot Misses the Net.
3:54 of 3rd period - Wrist shot by Kevin Stenlund.
3:54 of 3rd period - Stopped by Joseph Woll without a rebound.
3:55 of 3rd period - Steven Stamkos wins face-off versus Shane Pinto in Quebec Nordiques zone.
4:41 of 3rd period - Tyler Johnson is hit by Rem Pitlick and loses puck.
4:52 of 3rd period - Slapshot by Jonatan Berggren.
4:52 of 3rd period - Shot Misses the Net.
5:26 of 3rd period - Wrist shot by Matthew Boldy.
5:26 of 3rd period - Shot Blocked by Michael McCarron.
6:10 of 3rd period - Slapshot by Marco Rossi.
6:10 of 3rd period - Stopped by Laurent Brossoit with a rebound.
6:30 of 3rd period - Zach Bogosian is hit by Anthony Duclair.
7:07 of 3rd period - Raphael Lavoie is hit by Connor Brown and loses puck.
7:18 of 3rd period - Tyler Johnson is hit by Shane Pinto and loses puck.
7:23 of 3rd period - Wrist shot by Shane Pinto.
7:23 of 3rd period - Shot Misses the Net.
7:33 of 3rd period - Raphael Lavoie is hit by Marco Rossi.
8:00 of 3rd period - Alec Martinez is hit by Jeff Petry and loses puck.
8:09 of 3rd period - Jackson LaCombe is hit by Connor Brown and loses puck.
8:27 of 3rd period - Jonas Siegenthaler is hit by Jeff Petry and loses puck.
8:36 of 3rd period - Jordan Greenway is hit by Zachary Werenski and loses puck.
8:45 of 3rd period - Alec Martinez is hit by Daniel Sprong and loses puck.
8:52 of 3rd period - Slapshot by Luke Kunin.
8:52 of 3rd period - Stopped by Laurent Brossoit with a rebound.
9:03 of 3rd period - Michael McCarron is hit by MacKenzie Weegar and loses puck.
9:16 of 3rd period - Slapshot by Jared McCann.
9:16 of 3rd period - Stopped by Joseph Woll with a rebound.
9:18 of 3rd period - Slapshot by Zachary Werenski.
9:18 of 3rd period - Stopped by Joseph Woll with a rebound.
9:20 of 3rd period - Slapshot by Jared McCann.
9:20 of 3rd period - Shot Blocked by J.J. Moser.
9:28 of 3rd period - Slapshot by Steven Stamkos.
9:28 of 3rd period - Stopped by Joseph Woll with a rebound.
10:08 of 3rd period - Wrist shot by Steven Stamkos.
10:08 of 3rd period - Stopped by Joseph Woll without a rebound.
10:09 of 3rd period - Shane Pinto wins face-off versus Mika Zibanejad in Quebec Nordiques zone.
10:30 of 3rd period - Matthew Boldy is hit by Shane Pinto and loses puck.
10:53 of 3rd period - Snap shot by Mika Zibanejad.
10:53 of 3rd period - Shot Blocked by Kirby Dach.
10:55 of 3rd period - Slapshot by Shayne Gostisbehere.
10:55 of 3rd period - Shot Misses the Net.
10:57 of 3rd period - Snap shot by Matthew Boldy.
10:57 of 3rd period - Stopped by Joseph Woll with a rebound.
11:13 of 3rd period - Snap shot by Carter Verhaeghe.
11:13 of 3rd period - Deflect By Shane Pinto.
11:13 of 3rd period - Stopped by Joseph Woll without a rebound.
11:14 of 3rd period - Marco Rossi wins face-off versus Raphael Lavoie in Quebec Nordiques zone.
11:29 of 3rd period - Snap shot by Cole Perfetti.
11:29 of 3rd period - Deflect By Raphael Lavoie.
11:29 of 3rd period - Shot Blocked by Raphael Lavoie.
11:29 of 3rd period - Puck is out of play.
11:30 of 3rd period - Kevin Stenlund wins face-off versus Rem Pitlick in Detroit Red Wings zone.
12:18 of 3rd period - Carter Verhaeghe is hit by Alexandre Carrier and loses puck.
12:59 of 3rd period - Kevin Stenlund is hit by Michael McCarron and loses puck.
13:20 of 3rd period - Wrist shot by Anthony Duclair.
13:20 of 3rd period - Stopped by Laurent Brossoit without a rebound.
13:21 of 3rd period - Carter Verhaeghe wins face-off versus Kirby Dach in Detroit Red Wings zone.
13:48 of 3rd period - Jonas Siegenthaler is hit by Daniel Sprong and loses puck.
14:33 of 3rd period - Jordan Greenway is hit by Carter Verhaeghe and loses puck.
14:40 of 3rd period - Wrist shot by Carter Verhaeghe.
14:40 of 3rd period - Shot Misses the Net.
15:02 of 3rd period - Slapshot by Keegan Kolesar.
15:02 of 3rd period - Stopped by Joseph Woll without a rebound.
15:03 of 3rd period - Raphael Lavoie wins face-off versus Cole Perfetti in Quebec Nordiques zone.
15:06 of 3rd period - Backhand shot by Tyler Johnson.
15:06 of 3rd period - Deflect By Christian Fischer.
15:06 of 3rd period - Stopped by Joseph Woll without a rebound.
15:07 of 3rd period - Marco Rossi wins face-off versus Raphael Lavoie in Quebec Nordiques zone.
15:32 of 3rd period - Snap shot by Jonatan Berggren.
15:32 of 3rd period - Shot Misses the Net.
15:34 of 3rd period - Slapshot by Michael Anderson.
15:34 of 3rd period - Stopped by Laurent Brossoit without a rebound.
15:35 of 3rd period - Mika Zibanejad wins face-off versus Jonatan Berggren in Detroit Red Wings zone.
15:45 of 3rd period - Minor Penalty to Jonas Siegenthaler for Hooking.
15:46 of 3rd period - Mika Zibanejad wins face-off versus Michael McCarron in Quebec Nordiques zone.
16:00 of 3rd period - Snap shot by Mika Zibanejad.
16:00 of 3rd period - Stopped by Joseph Woll without a rebound.
16:01 of 3rd period - Steven Stamkos wins face-off versus Michael McCarron in Quebec Nordiques zone.
17:45 of 3rd period - Penalty to Jonas Siegenthaler is over, Jonas Siegenthaler is back on ice.
18:36 of 3rd period - Quebec Nordiques, Joseph Woll is pulled from the net.
18:36 of 3rd period - Wrist shot by Zach Benson.
18:36 of 3rd period - Shot Blocked by Jared McCann.
18:38 of 3rd period - Snap shot by Cole Perfetti.
18:38 of 3rd period - Stopped by Laurent Brossoit with a rebound.
18:40 of 3rd period - Wrist shot by Marco Rossi.
18:40 of 3rd period - Shot Misses the Net.
19:04 of 3rd period - Wrist shot by Anthony Duclair.
19:04 of 3rd period - Shot Misses the Net.
19:28 of 3rd period - Snap shot by Carter Verhaeghe.
19:28 of 3rd period - Goal by Carter Verhaeghe - Quebec Nordiques : 1 - Detroit Red Wings : 3.
19:28 of 3rd period - Joseph Woll from Quebec Nordiques was sent back in the game.
19:29 of 3rd period - Shane Pinto wins face-off versus Mika Zibanejad in neutral zone.
Goals for this period are 0 for Quebec Nordiques vs 2 for Detroit Red Wings.
Shots for this period are 5 for Quebec Nordiques vs 15 for Detroit Red Wings.
Back to the Top